 Dungeon Crawl Stone Soup version 0.31-a0-977-gc230f8ef24 (webtiles) character file.

Game seed: 3114129334387739468

11307 Dirtsage the Martial Artist (level 11, 0/75 HPs)
             Began as an Octopode Shapeshifter on Oct 29, 2023.
             Was a Priest of Wu Jian.
             Slain by a black mamba (15 damage)
             ... on level 1 of the Lair of Beasts.
             The game lasted 00:22:37 (9463 turns).

Dirtsage the Martial Artist (Octopode Shapeshifter) Turns: 9463, Time: 00:22:37

Health: 0/75       AC:  1    Str: 19    XL:     11   Next: 75%
Magic:  11/11      EV: 16    Int: 19    God:    Wu Jian [***...]
Gold:   411        SH:  5    Dex: 16    Spells: 10/10 levels left

rFire   . .          .
                       - Unarmed
rCold   + . .        (no shield)
rNeg    . . .        (helmet restricted)
rPois   .            k - amulet of reflection
rElec   .            e - +6 ring of strength
rCorr   .            m - +6 ring of intelligence
SInv    +            I - ring of protection from cold
Will    +....        E - ring of willpower
Stlth   +++++        S - ring of see invisible
HPRegen 0.32/turn    (no ring)
MPRegen 0.12/turn    (no ring)
                     (no ring)

%: reflection
@: maw-form
A: devouring maw, almost no armour, amphibious, 8 rings, camouflage 1,
gelatinous body 1, (nimble swimmer 1), tentacles
a: Begin Untransformation, Renounce Religion, Wall Jump, Serpent's Lash


You were on level 1 of the Lair of Beasts.
You worshipped Wu Jian.
Wu Jian was most pleased with you.
You were a creature with a mouth for a stomach.
You visited 3 branches of the dungeon, and saw 13 of its levels.

You collected 556 gold pieces.
You spent 145 gold pieces at shops.

Inventory:

Missiles
 z - 4 curare-tipped darts
 J - 3 throwing nets
Magical Staves
 H - a staff of air
Jewellery
 e - a +6 ring of strength (left tentacle)
 k - an amulet of reflection (around mantle)
 m - a +6 ring of intelligence (right tentacle)
 x - an amulet of the acrobat
 E - a ring of willpower (on tentacle)
 G - an amulet of magic regeneration
 I - a ring of protection from cold (on tentacle)
 S - a ring of see invisible (on tentacle)
Talismans
 n - a maw talisman (active)
Wands
 r - a wand of mindburst (25)
 s - a wand of flame (31)
 D - a wand of digging (1)
 K - a wand of polymorph (15)
Scrolls
 d - 3 scrolls of fog
 f - 2 scrolls of poison
 g - a scroll of fear
 h - 2 scrolls of noise {unknown}
 i - 5 scrolls of identify
 p - a scroll of amnesia
 t - 4 scrolls of teleportation
 v - a scroll of brand weapon
 w - a scroll of torment {unknown}
 y - 2 scrolls of immolation {unknown}
 B - a scroll of blinking
 L - a scroll of enchant weapon {unknown}
Potions
 a - 3 potions of lignification
 b - a potion of ambrosia {unknown}
 j - 2 potions of mutation
 l - 5 potions of heal wounds
 o - a potion of attraction {unknown}
 q - 3 potions of curing
 u - 2 potions of haste {unknown}
 A - a potion of magic
 C - 2 potions of brilliance {unknown}


   Skills:
 + Level 7.0 Fighting
 + Level 6.9 Dodging
 - Level 8.0 Stealth
 + Level 12.0 Unarmed Combat
 - Level 11.1 Shapeshifting


You had 10 spell levels left.
You didn't know any spells.
Your spell library contained the following spells:

 Spells                   Type           Power      Damage    Failure   Level
 Magic Dart               Conj           0%         1d3       21%         1
 Call Imp                 Summ           0%         N/A       30%         2
 Static Discharge         Conj/Air       0%         3-3/arc   30%         2
 Mephitic Cloud           Conj/Pois/Air  0%         N/A       52%         3
 Airstrike                Air            0%         2d(0-16)  90%         4
 Summon Lightning Spire   Summ/Air       0%         N/A       90%         4
 Chain Lightning          Conj/Air       0%         N/A       100%        9
 Fire Storm               Conj/Fire      0%         5d1       100%        9
 Shatter                  Erth           0%         3d5*      100%        9


Dungeon Overview and Level Annotations

Branches:
Dungeon (11/15)            Temple (1/1) D:6            Lair (1/5) D:11
    Orc (0/2) D:10

Altars:
Ashenzari
Cheibriados
Dithmenos
Elyvilon
Fedhas
Gozag
Hepliaklqana
Kikubaaqudgha
Makhleb
Nemelex Xobeh
Okawaru
Qazlal
Ru
Sif Muna
Trog
Uskayaw
Vehumet
Wu Jian
Xom
Yredelemnul
Zin
The Shining One

Shops:
D:5 *   D:9 (   D:10 [

Portals:
Ice
Cave: Lair:1

Annotations:
D:4 1 runed translucent door, Crazy Yiuf
D:8 Amaemon


Innate Abilities, Weirdness & Mutations

You are a creature with a mouth for a stomach.
Your midsection houses a second, enormous mouth.
You cannot wear most types of armour.
You are amphibious.
You can wear up to eight rings at the same time.
Your skin changes colour to match your surroundings (Stealth+).
Your rubbery body absorbs attacks. (AC +1, EV +1)
((You are camouflaged when in or above water. (Stealth+)))
You have tentacles for arms and can constrict up to eight enemies at once.


Message History

The white imp is almost dead.
You closely miss the white imp.
The white imp is almost dead.
You spin and attack the black mamba.
You barely miss the black mamba. Your grab misses the black mamba.
Your bite misses the black mamba. The black mamba barely misses you.
The black mamba closely misses you. The white imp gestures at you.
The puff of frost misses you.
The puff of frost hits the fungus!
The fungus begins to die.
You spin and attack the white imp repeatedly.
You tentacle-slap the white imp.
You kill the white imp!
The Council accepts your kill. You block the black mamba's attack.
You spin and attack the white imp.
You barely miss the white imp. You grab the white imp.
You spin and attack the black mamba repeatedly.
You miss the black mamba. Your grab misses the black mamba.
You bludgeon the black mamba!
The black mamba is moderately wounded.
You constrict the white imp. The black mamba closely misses you.
You block the white imp's attack.
You see here a scroll labelled MIBICEOL UPRAO.
You release your grip on the white imp.
You spin and attack the white imp.
You bludgeon the white imp!
You kill the white imp!
The Council accepts your kill.
You spin and attack the black mamba.
You barely miss the black mamba.
The black mamba is moderately wounded.
The black mamba barely misses you. The black mamba misses you.
You spin and attack the white imp.
You bludgeon the white imp!
You kill the white imp!
The Council accepts your kill. The black mamba bites you!!
* * * LOW HITPOINT WARNING * * *
You are lethally poisoned!
The black mamba poisons you!
You take 19 damage, and have 8/75 hp.
MASSIVE DAMAGE!!
You feel better.
A nearby fungus withers and dies.
The black mamba bites you!
You die...

###
#.########.###
......?......# .
.............#
....######..#...#
.S..#...........#
...........SW...#
...#..<.....#..#
................#
....#........#..#
.....###...'##.$#
.?... ....... .#
..## .##...... .#
. #..∩..## #
.5...#


You could see a black mamba.

Vanquished Creatures
  Erolcha (D:10)
  Harold (D:10)
  A boulder beetle (D:11)
  A two-headed ogre (D:9)
  Pikel (D:5)
  Maurice (D:10)
  A black mamba (Lair:1)
  Jeremiah (D:7)
  2 trolls (D:11)
  Prince Ribbit (D:7)
  A shadow (D:7)
  A vampire (D:11)
  2 wraiths
  8 yaks
  2 humans (D:9)
  2 steam dragons (D:10)
  A basilisk (D:11)
  Menkaure (D:5)
  2 water moccasins (D:7)
  A black bear (D:5)
  3 orc warriors
  3 ice beasts
  A sky beast (D:6)
  3 centaurs
  An ogre (D:3)
  A lemure (D:5)
  3 kobold brigands
  Blork the orc (D:6)
  4 bullfrogs
  5 scorpions
  14 wights
  3 killer bees (D:7)
  5 howler monkeys
  2 jellies
  4 orc priests
  4 hounds
  2 sleepcaps (D:6)
  Jessica (D:2)
  11 orc wizards
  An iguana (D:5)
  Robin (D:2)
  4 gnolls (D:7)
  10 adders
  A shadow imp (D:8)
  15 white imps
  4 ufetubi
  2 worms (D:2)
  3 dart slugs
  25 orcs
  6 ball pythons
  4 bats
  7 endoplasms
  2 giant cockroaches
  8 goblins
  10 hobgoblins
  3 jackals (D:2)
  17 kobolds
  5 quokkas
  4 frilled lizards
  6 rats
241 creatures vanquished.

Notes
Turn   | Place    | Note
-------+----------+-------------------------------------------
     0 | D:1      | Dirtsage the Octopode Shapeshifter began the quest for the
                  | Orb.
     0 | D:1      | Reached XP level 1. HP: 13/13 MP: 1/1
   405 | D:1      | Reached XP level 2. HP: 12/18 MP: 2/2
   698 | D:2      | Reached XP level 3. HP: 23/23 MP: 3/3
   705 | D:2      | Identified the +1 helmet "Faovveo" {rC+}
   705 | D:2      | Noticed Robin
   721 | D:2      | Killed Robin
   766 | D:2      | Noticed Jessica
   777 | D:2      | Killed Jessica
   778 | D:2      | Reached XP level 4. HP: 29/29 MP: 4/4
   836 | D:2      | Reached skill level 4 in Unarmed Combat
  1376 | D:3      | Reached XP level 5. HP: 34/34 MP: 5/5
  1377 | D:3      | Reached skill level 10 in Unarmed Combat
  1377 | D:3      | Reached XP level 6. HP: 39/39 MP: 6/6
  1421 | D:3      | Reached XP level 7. HP: 45/45 MP: 7/7
  1476 | D:3      | Found a sacrificial altar of Ru.
  1705 | D:3      | Found a blossoming altar of Fedhas.
  2008 | D:4      | Reached skill level 1 in Stealth
  2515 | D:4      | Found a runed translucent door.
  2516 | D:4      | Noticed Crazy Yiuf
  2588 | D:5      | Entered Level 5 of the Dungeon
  2628 | D:5      | Found Ihuthrip's General Store.
  2636 | D:5      | Bought a scroll of blinking for 75 gold pieces
  2636 | D:5      | Bought a scroll of teleportation for 30 gold pieces
  2636 | D:5      | Bought a scroll of fog for 40 gold pieces
  2685 | D:5      | Noticed Pikel
  2693 | D:5      | Killed Pikel
  2694 | D:5      | Reached XP level 8. HP: 51/51 MP: 8/8
  2765 | D:5      | Noticed Menkaure
  2766 | D:5      | Killed Menkaure
  3299 | D:6      | Reached XP level 9. HP: 47/57 MP: 9/9
  3405 | D:6      | Found a staircase to the Ecumenical Temple.
  3414 | Temple   | Entered the Ecumenical Temple
  3433 | Temple   | Became a worshipper of the Wu Jian Council
  3954 | D:6      | Noticed Blork the orc
  3960 | D:6      | Killed Blork the orc
  4162 | D:7      | Noticed Jeremiah
  4170 | D:7      | Killed Jeremiah
  4171 | D:7      | Reached skill level 5 in Stealth
  4294 | D:7      | Reached * piety under Wu Jian
  4322 | D:7      | Noticed Prince Ribbit
  4328 | D:7      | Killed Prince Ribbit
  4480 | D:7      | Reached XP level 10. HP: 62/65 MP: 10/10
  5107 | D:7      | Found a snail-covered altar of Cheibriados.
  5714 | D:8      | Reached skill level 11 in Unarmed Combat
  5724 | D:8      | Reached ** piety under Wu Jian
  6171 | D:8      | Found an ancient bone altar of Kikubaaqudgha.
  6173 | D:8      | Found a bloodstained altar of Trog.
  6257 | D:8      | Reached skill level 5 in Fighting
  6310 | D:8      | Noticed an orange demon
  6311 | D:8      | Noticed Amaemon
  6807 | D:9      | Found a shimmering blue altar of Sif Muna.
  6808 | D:9      | Found a shimmering altar of Xom.
  6811 | D:9      | Reached skill level 5 in Dodging
  6811 | D:9      | Found a radiant altar of Vehumet.
  6843 | D:9      | Found Dysmuabb's Weapon Boutique.
  6862 | D:9      | Noticed a two-headed ogre
  6872 | D:9      | Killed a two-headed ogre
  7035 | D:9      | Found an iron altar of Okawaru.
  7633 | D:10     | Entered Level 10 of the Dungeon
  7636 | D:10     | Found Bomel's Armour Emporium.
  7678 | D:10     | Noticed Maurice
  7681 | D:10     | Noticed Harold
  7698 | D:10     | Killed Maurice
  7699 | D:10     | Reached XP level 11. HP: 20/72 MP: 11/11
  7701 | D:10     | Killed Harold
  8088 | D:10     | Noticed Erolcha
  8098 | D:10     | Killed Erolcha
  8207 | D:10     | Found a staircase to the Orcish Mines.
  8617 | D:8      | Found a burning altar of Makhleb.
  8815 | D:11     | Noticed a boulder beetle
  8825 | D:11     | Killed a boulder beetle
  9155 | D:11     | Noticed a cyclops
  9305 | D:11     | Noticed a red ugly thing
  9391 | D:11     | Reached skill level 12 in Unarmed Combat
  9428 | D:11     | Found a staircase to the Lair.
  9439 | Lair:1   | Entered Level 1 of the Lair of Beasts
  9439 | Lair:1   | Found a frozen archway.
  9451 | Lair:1   | Reached *** piety under Wu Jian
  9463 | Lair:1   | Slain by a black mamba

Illustrated notes

Levels and vault maps discovered:
D:1:      heliophobic_arrival_ceremonial_halls, layout_loops_ring
D:2:      wander_river, layout_loops_ring, uniq_robin, uniq_jessica
D:3:      layout_basic, mainiacjoe_overflow_tiny_flanked,
          mainiacjoe_overflow_boulevard
D:4:      layout_loops_ring, due_unseen_surprise, uniq_crazy_yiuf_cottage
D:5:      layout_loops_ring, serial_shops, shop, uniq_pikel, uniq_menkaure
D:6:      old_forge, layout_rooms, minmay_temple_entry_antechambers,
          uniq_blork_the_orc
D:7:      layout_layer_cave, kennysheep_slug_shrine, skrybe_limestone_x,
          uniq_prince_ribbit1, uniq_jeremiah
D:8:      layout_basic, nicolae_overflow_hidden_temple, makhleb_grotto_becter,
          uniq_amaemon
D:9:      layout_stronghold, okawaru_humans,
          chequers_temple_overflow_statue_of_worship, serial_shops, shop
D:10:     layout_loops_ring, orc_0_dummy, serial_shops, nicolae_shop_peninsula,
          dreamdust_mushroom_princess, uniq_maurice, uniq_harold, uniq_erolcha
D:11:     layout_roguey, lair_entry_dummy
Temple:   minmay_temple_bridge_abc
Lair:1:   layout_chaotic_city, portal_ice_cave_entry_imps

Skill      XL: |  1  2  3  4  5  6  7  8  9 10 11 |
---------------+----------------------------------+-----
Fighting       | 2 3 4 5 7 |  7.0
Unarmed Combat | 4 10 11 12 | 12.0
Shapeshifting  | 11 | 11.1
Stealth        | 2 3 5 7 8 |  8.0
Dodging        | 3 4 5 6 |  6.9

Action                     |  1- 3 |  4- 6 |  7- 9 | 10-12 || total
---------------------------+-------+-------+-------+-------++-------
  Melee: Unarmed           |    43 |    26 |   151 |   264 ||   484
         Constrict         |    12 |     5 |    41 |    62 ||   120
         Tentacles         |     8 |     4 |    36 |    55 ||   103
         Punch             |       |     1 |    12 |    25 ||    38
         Maw               |       |       |    47 |    87 ||   134
  Throw: Dart              |       |       |       |     6 ||     6
Ability: Lunge             |       |       |    11 |    42 ||    53
         Whirlwind         |       |       |       |    70 ||    70
  Evoke: Wand              |       |       |     3 |     1 ||     4
    Use: Scroll            |       |     3 |     1 |     8 ||    12
         Potion            |       |     2 |       |     4 ||     6
   Stab: Sleeping          |     2 |     3 |    24 |    17 ||    46
 Armour: Skin              |    10 |     4 |    40 |    74 ||   128
  Dodge: Dodged            |    12 |     7 |    46 |    81 ||   146
  Block: Other             |       |     1 |    16 |    28 ||    45
         Reflection        |       |       |       |     4 ||     4
   Form: Maw               |       |     1 |       |       ||     1

Table legend: (Time is in decaauts)
 A = Elapsed time spent in this place.
 B = Non-inter-level travel time spent in this place.
 C = Inter-level travel time spent in this place.
 D = Time resting spent in this place.
 E = Time spent auto-exploring this place.
 F = Levels seen in this place.
 G = Mean time per level.
                   A        B        C        D        E       F      G
               +--------+--------+--------+--------+--------+-----+--------+
         Total |   9410 |   9039 |    371 |    197 |   7285 |  13 |  723.8 |
       Dungeon |   9348 |   9013 |    335 |    197 |   7285 |  11 |  849.8 |
        Temple |     38 |      2 |     36 |      0 |      0 |   1 |   38.0 |
          Lair |     23 |     23 |      0 |      0 |      0 |   1 |   23.0 |
               +--------+--------+--------+--------+--------+-----+--------+

Top non-repeatable levels by time:
     D:7: 1438 daAuts
     D:9: 1258 daAuts
     D:8: 1060 daAuts
     D:6: 855 daAuts
    D:10: 845 daAuts
     D:1: 669 daAuts
     D:4: 667 daAuts
    D:11: 660 daAuts
     D:5: 658 daAuts
     D:2: 653 daAuts
     D:3: 580 daAuts
  Temple: 38 daAuts
  Lair:1: 23 daAuts
